 Dungeon Crawl Stone Soup version 0.30-a0-23-ge60ba3568b (webtiles) character file.

Game seed: 16443523296615781142

56 SensoryNuts the Ducker (level 3, -3/39 HPs)
             Began as an Octopode Fighter on Aug 25, 2022.
             Slain by a hobgoblin (4 damage)
             ... on level 2 of the Dungeon.
             The game lasted 00:01:37 (1468 turns).

SensoryNuts the Ducker (Octopode Fighter)           Turns: 1468, Time: 00:01:38

Health: -3/39      AC:  1    Str: 15    XL:     3   Next: 97%
Magic:  3/3        EV: 13    Int: 10    God:
Gold:   72         SH:  4    Dex: 13    Spells: 2/2 levels left

rFire   . . .      SeeInvis .    a - +0 rapier
rCold   . . .      Faith    .    b - +0 buckler
rNeg    . . .      Spirit   .    (helmet restricted)
rPois   .          Reflect  .    (no amulet)
rElec   .          Harm     .    (no ring)
rCorr   .          Rampage  .    (no ring)
Will    .....                    (no ring)
Stlth   ..........               (no ring)
HPRegen 0.13/turn                (no ring)
MPRegen 0.08/turn                (no ring)
                                 (no ring)
                                 (no ring)

@: brilliant, berserking, very quick
A: almost no armour, amphibious, 8 rings, camouflage 1, gelatinous body 1,
(nimble swimmer 1), tentacles
a: no special abilities


You were on level 2 of the Dungeon.
You visited 1 branch of the dungeon, and saw 2 of its levels.

You collected 72 gold pieces.

Inventory:

Hand Weapons
 a - a +0 rapier (weapon)
Armour
 b - a +0 buckler (worn)
Jewellery
 g - an amulet of faith
Scrolls
 d - 2 scrolls of identify
 e - a scroll of enchant weapon
 f - a scroll of poison
 h - a scroll of torment
 j - a scroll of magic mapping {unknown}
 l - a scroll of immolation {unknown}
 m - a scroll of butterflies {unknown}
 n - a scroll of blinking {unknown}
Potions
 c - 2 potions of might
 k - a potion of berserk rage


   Skills:
 + Level 3.1 Fighting
 * Level 3.1 Short Blades
 + Level 3.4 Dodging
 + Level 1.2 Stealth
 + Level 3.3 Shields


You had 2 spell levels left.
You didn't know any spells.
Your spell library contained the following spells:

 Spells                   Type           Power      Damage    Failure   Level
 Ensorcelled Hibernation  Hex/Ice        0%         N/A       58%         2
 Passwall                 Tmut/Erth      0%         N/A       58%         2
 Swiftness                Air            0%         N/A       83%         3
 Freezing Cloud           Conj/Ice/Air   0%         6-21      100%        5
 Chain Lightning          Conj/Air       0%         N/A       100%        9


Dungeon Overview and Level Annotations

Branches:
Dungeon (2/15)

Altars:

Shops:
D:1 [

Annotations:
D:2 Sigmund


Innate Abilities, Weirdness & Mutations

You cannot wear most types of armour.
You are amphibious.
You can wear up to eight rings at the same time.
Your skin changes colour to match your surroundings (Stealth+).
Your rubbery body absorbs attacks. (AC +1, EV +1)
((You are camouflaged when in or above water. (Stealth+)))
You have tentacles for arms and can constrict up to eight enemies at once.


Message History

You are too injured to fight recklessly!
You are too injured to fight recklessly!
You are too injured to fight recklessly!
You are too injured to fight recklessly!
You are too injured to fight recklessly!
You are too injured to fight recklessly!
You are too injured to fight recklessly!
You are too injured to fight recklessly!
You are too injured to fight recklessly!
You are too injured to fight recklessly!
You are too injured to fight recklessly!
You are too injured to fight recklessly!
You are too injured to fight recklessly!
You are too injured to fight recklessly!
You are too injured to fight recklessly!
Unknown command.
Sigmund gestures at you while chanting.
You are confused.
Sigmund gestures at you while chanting. You resist with significant effort.
You bump into the rock wall.
The hobgoblin attacks as you move away! The hobgoblin misses you.
The hobgoblin barely misses you.
You feel less confused.
Sigmund mumbles some strange words.
Sigmund flickers and vanishes!
Deactivating autopickup; reactivate with Ctrl-A.
Okay, then.
Okay, then.
It was a potion of brilliance.
You feel clever all of a sudden.
A magic dart appears from out of thin air!
The magic dart hits you.
* * * LOW HITPOINT WARNING * * *
The hobgoblin closely misses you.
It was a potion of berserk rage.
A red film seems to cover your vision as you go berserk!
You feel yourself moving faster!
You feel mighty! Something barely misses you. The hobgoblin hits you.
You die...

#........####. ##.######### .
#####..........
........>....... #
########.####### #. #.#
###.######## #.# #..........#
#.# #.........@# #.#
#.......{.g######.###
#....."..........÷..# ####
#......#########..#.# ...#
####### #####.##.#
...###........ #......#+#####
....##........####..##........#
....##........##)..###........#
.†..##........##.#.# #........#


You could see a hobgoblin.

Vanquished Creatures
  2 adders (D:2)
  A dart slug (D:2)
  3 ball pythons
  2 giant cockroaches (D:1)
  5 goblins
  5 hobgoblins
  A quokka (D:1)
  11 bats
  4 frilled lizards
  3 rats (D:2)
37 creatures vanquished.

Notes
Turn   | Place    | Note
-------+----------+-------------------------------------------
     0 | D:1      | SensoryNuts the Octopode Fighter began the quest for the
                  | Orb.
     0 | D:1      | Reached XP level 1. HP: 16/16 MP: 1/1
   128 | D:1      | Reached XP level 2. HP: 16/21 MP: 2/2
   507 | D:1      | Found Ebloy's Armour Boutique.
   678 | D:1      | Got Cerebov's Handbook of Battle Magic
  1028 | D:2      | Reached XP level 3. HP: 25/26 MP: 3/3
  1129 | D:2      | Reached skill level 1 in Stealth
  1454 | D:2      | Noticed Sigmund
  1467 | D:2      | HP: 1/26 [something/magic dart (5)]
  1468 | D:2      | Slain by a hobgoblin

Illustrated notes

Levels and vault maps discovered:
D:1:      nzn_arrival_crosshair, layout_basic, serial_shops, shop_fountains,
          minmay_split_cup_small
D:2:      layout_basic, ebering_ecumenical_altar_mist, uniq_sigmund

Skill      XL: |  1  2  3 |
---------------+----------+-----
Short Blades   | 3 |  3.1
Stealth        | 1 |  1.2
Fighting       | |  3.1
Dodging        | |  3.4
Shields        | |  3.3

Action                   || total
-------------------------++-------
Melee: Rapier            ||    70
       Constrict         ||    23
       Tentacles         ||    12
  Use: Scroll            ||     3
       Potion            ||     2
 Stab: Sleeping          ||     6
Armor: Skin              ||     9
Dodge: Dodged            ||    47
Block: Buckler           ||    15

Table legend: (Time is in decaauts)
 A = Elapsed time spent in this place.
 B = Non-inter-level travel time spent in this place.
 C = Inter-level travel time spent in this place.
 D = Time resting spent in this place.
 E = Time spent auto-exploring this place.
 F = Levels seen in this place.
 G = Mean time per level.
                   A        B        C        D        E       F      G
               +--------+--------+--------+--------+--------+-----+--------+
         Total |   1476 |   1413 |     63 |      0 |   1184 |   2 |  738.0 |
       Dungeon |   1476 |   1413 |     63 |      0 |   1184 |   2 |  738.0 |
               +--------+--------+--------+--------+--------+-----+--------+

Top non-repeatable levels by time:
     D:1: 957 daAuts
     D:2: 518 daAuts
